 Dungeon Crawl Stone Soup version 0.16.1-18-g436b03c (webtiles) character file.

4851 Chiseanne the Nimble (level 10, -4/79 HPs)
             Began as a Demonspawn Monk on May 14, 2015.
             Was an Initiate of Gozag.
             Slain by a killer bee (6 damage)
             ... on level 8 of the Dungeon.
             The game lasted 00:24:41 (10455 turns).

Chiseanne the Nimble (Demonspawn Monk)             Turns: 10455, Time: 00:24:41

Health: -4/79      AC: 13    Str: 19    XL:     10   Next: 25%
Magic:  10/10      EV: 17    Int: 11    God:    Gozag
Gold:   919        SH:  5    Dex: 17    Spells: 0 memorised, 9 levels left

rFire  . . .     SeeInvis .     a - +1 dagger (venom)
rCold  + + .     Clarity  .     z - +0 ring mail {rC+}
rNeg   . . .     SustAb   .     r - +0 buckler
rPois  .         Gourm    .     D - +1 helmet
rElec  .         Spirit   .     t - +0 cloak
rCorr  .         Warding  .     (no gloves)
rMut   .         Stasis   .     A - +2 pair of boots
MR     .....                    (no amulet)
Stlth  +.........               b - +5 ring of strength
                                F - ring of protection from cold

@: lethally poisoned (-4 -> -5), not resistant to hostile enchantments, very
unstealthy
A: claws 2, foul stench 1, spiny 1, rot immunity
a: Potion Petition, Call Merchant, Bribe Branch, Renounce Religion


You were on level 8 of the Dungeon.
You worshipped Gozag.
Gozag was noncommittal.
You were full.

You visited 2 branches of the dungeon, and saw 10 of its levels.

You collected 1538 gold pieces.
You spent 619 gold pieces at shops.

Inventory:

Hand weapons
 a - a +1 dagger of venom (weapon)
Missiles
 c - 183 arrows
 d - 11 steel sling bullets
 f - 134 bolts
 i - 33 sling bullets
 n - 19 tomahawks (quivered)
 o - 16 poisoned needles
 C - a throwing net
 I - 8 arrows of flame
Armour
 r - a +0 buckler (worn)
 s - the +1 robe "Paahats" {rC+ Str+3 Dex-5, unknown}
   (You found it on level 4 of the Dungeon)

   It affects your strength (+3).
   It affects your dexterity (-5).
   It protects you from cold.
 t - a +0 cloak (worn)
 z - a +0 ring mail of cold resistance (worn)
 A - a +2 pair of boots (worn)
 D - a +1 helmet (worn)
Jewellery
 b - a +5 ring of strength (right claw)
 F - a ring of protection from cold (left claw)
Magical devices
 e - a wand of fire (1)
 j - a wand of digging (4)
 x - a wand of teleportation (6)
Scrolls
 m - 5 scrolls of teleportation
 y - 2 scrolls of magic mapping
Potions
 g - a potion of cure mutation
 h - 3 potions of heal wounds
 k - 3 potions of curing
 q - 2 potions of cancellation
 u - a potion of poison {unknown}
 v - 3 potions of haste
 B - a potion of experience {unknown}
 E - a potion of might {unknown}
 G - 2 potions of lignification
Books
 w - a book of the Sky

   Spells                             Type                      Level
   a - Flight                         Charms/Air                   3
   b - Airstrike                      Air                          4
   c - Silence                        Hexes/Air                    5
   d - Deflect Missiles               Charms/Air                   6
   e - Conjure Ball Lightning         Conjuration/Air              6
   f - Tornado                        Air                          9
 J - a Grand Grimoire {highlevel, unknown}

   This book is beyond your current level of understanding.

   Spells                             Type                      Level
   a - Aura of Abjuration             Summoning                    6
   b - Summon Greater Demon           Summoning                    7
   c - Malign Gateway                 Summoning/Translocation      7
   d - Summon Horrible Things         Summoning                    8
Comestibles
 l - 3 bread rations
 p - 8 meat rations
 H - 2 slices of pizza
 K - a beef jerky


   Skills:
 * Level 7.2 Fighting
 - Level 5.6 Armour
 * Level 9.5 Dodging
 - Level 1.7 Stealth
 * Level 3.4 Shields
 * Level 6.3 Unarmed Combat


You had 9 spell levels left.
You didn't know any spells.

Dungeon Overview and Level Annotations

Branches:
Dungeon (9/15)             Temple (1/1) D:5
   Lair: D:8-11         Orc: D:9-12

Altars:
Ashenzari
Cheibriados
Elyvilon
Gozag
Kikubaaqudgha
Makhleb
Nemelex Xobeh
Okawaru
Qazlal
Ru
Trog
Xom
Zin

Shops:
D:4 [


Innate Abilities, Weirdness & Mutations

You have very sharp fingernails.
You emit a foul stench.
You are partially covered in sharp spines.
You are immune to rotting.


Message History

You kill the killer bee!
You feel sick.
You now have 919 gold pieces (gained 8).
You feel sick.
You feel sick.
You feel sick.
You feel sick.
A killer bee is nearby!
A killer bee is nearby!
You feel sick. The killer bee barely misses you.
You hit the killer bee but do no damage.
The killer bee is poisoned.
You feel sick. The killer bee barely misses you. The killer bee stings you!
* * * LOW HITPOINT WARNING * * *
You miss the killer bee.
The killer bee is moderately wounded.
The killer bee closely misses you. The killer bee stings you.
You die...
Your body crumbles into a pile of gold.

.....yyyy...#
#....####+#
.....######.#
#.......... .
#.######..........
#.##...'..........
#.##.# #..........
#.##.# #..........
#.##.# #..........
#.##.# #####......
#@##.# #......
#y##.#######......
#.##.#............
#.##.#.###########
#.##.#.# #.
#.##.#.# #.
.#######....#.#
............#.#
###########...#


You could see a killer bee.

Vanquished Creatures
  The ghost of Tarnath the Blocker, an experienced HOFi of Fedhas (D:7)
  Pikel (D:6)
  Eustachio (D:6)
  Edmund (D:6)
  Menkaure (D:6)
  A water moccasin (D:8)
  A sky beast (D:6)
  4 ogres
  4 slaves (D:6)
  A phantom (D:6)
  2 centaurs
  2 giant frogs
  22 killer bees
  8 wights
  5 scorpions
  3 orc priests
  2 crimson imps
  7 orc wizards
  2 iguanas
  5 hounds
  2 worker ants
  Ijyb (D:3)
  Jessica (D:3)
  2 hound zombies (D:7)
  Robin (D:4)
  6 adders
  5 gnolls
  2 shadow imps (D:6)
  2 giant mites
  3 worms (D:4)
  8 giant geckos
  An ooze (D:1)
  35 orcs
  8 bats
  2 bat skeletons (D:2)
  3 bat zombies (D:2)
  6 giant cockroaches
  20 goblins
  13 hobgoblins
  13 kobolds
  4 quokkas
  A ball python (D:3)
  A giant gecko skeleton (D:7)
  6 giant newts
  8 jackals
  A quokka zombie (D:7)
  10 rats
239 creatures vanquished.

Vanquished Creatures (collateral kills)
  A gnoll (D:5)
1 creature vanquished.

Vanquished Creatures (others)
  A giant spore (D:6)
1 creature vanquished.

Grand Total: 241 creatures vanquished

Notes
Turn   | Place    | Note
--------------------------------------------------------------
     0 | D:1      | Chiseanne, the Demonspawn Monk, began the quest for the Orb.
     0 | D:1      | Reached XP level 1. HP: 18/18 MP: 1/1
   335 | D:1      | Gained mutation: You have sharp fingernails. [demonic ancestry]
   335 | D:1      | Reached XP level 2. HP: 24/24 MP: 2/2
  1157 | D:1      | Gained mutation: You are immune to rotting. [demonic ancestry]
  1157 | D:1      | Reached XP level 3. HP: 29/29 MP: 3/3
  1575 | D:2      | Found an opulent altar of Gozag.
  1581 | D:2      | Became a worshipper of Gozag Ym Sagoz the Greedy
  2263 | D:2      | Found an ancient bone altar of Kikubaaqudgha.
  2347 | D:2      | Reached XP level 4. HP: 30/35 MP: 4/4
  2786 | D:3      | Reached skill level 1 in Armour
  2796 | D:3      | Reached skill level 4 in Dodging
  2811 | D:3      | Reached XP level 5. HP: 18/42 MP: 5/5
  3355 | D:3      | Found a sacrificial altar of Ru.
  3456 | D:3      | Noticed Jessica
  3476 | D:3      | Killed Jessica
  3476 | D:3      | Gained mutation: You are partially covered in sharp spines. [demonic ancestry]
  3476 | D:3      | Reached XP level 6. HP: 35/48 MP: 6/6
  3544 | D:3      | Noticed Ijyb
  3554 | D:3      | Killed Ijyb
  3716 | D:3      | Found a shimmering altar of Xom.
  3840 | D:4      | Noticed Robin
  3868 | D:4      | Killed Robin
  4072 | D:4      | Got a distressingly furry robe
  4741 | D:4      | Found Utuorit's Antique Armour Shoppe.
  4752 | D:4      | Bought a cloak for 121 gold pieces
  4752 | D:4      | Bought a glowing ring mail for 108 gold pieces
  4933 | D:5      | Entered Level 5 of the Dungeon
  5025 | D:5      | Reached skill level 5 in Dodging
  5039 | D:5      | Reached XP level 7. HP: 25/54 MP: 7/7
  5262 | D:5      | Found a shattered altar of Ashenzari.
  5772 | D:5      | Found a staircase to the Ecumenical Temple.
  5809 | Temple   | Entered the Ecumenical Temple
  6516 | D:6      | Noticed Edmund
  6532 | D:6      | Killed Edmund
  6532 | D:6      | Reached skill level 5 in Armour
  6806 | D:6      | Noticed Eustachio
  6850 | D:6      | Killed Eustachio
  6850 | D:6      | Gained mutation: You emit a foul stench. [demonic ancestry]
  6850 | D:6      | Reached XP level 8. HP: 61/61 MP: 8/8
  6903 | D:6      | Noticed Pikel
  6972 | D:6      | Reached skill level 6 in Dodging
  7186 | D:6      | Noticed Menkaure
  7187 | D:6      | Killed Menkaure
  7220 | D:6      | Reached skill level 5 in Fighting
  7429 | D:6      | Killed Pikel
  7429 | D:6      | Reached skill level 7 in Dodging
  7429 | D:6      | Reached skill level 1 in Shields
  7749 | D:6      | Gained mutation: You have very sharp fingernails. [demonic ancestry]
  7749 | D:6      | Reached XP level 9. HP: 56/69 MP: 9/9
  8062 | D:6      | Reached skill level 5 in Unarmed Combat
  8699 | D:7      | Reached skill level 8 in Dodging
  9304 | D:7      | Noticed Tarnath's ghost (experienced HOFi)
  9334 | D:7      | Killed Tarnath's ghost
  9334 | D:7      | Reached skill level 9 in Dodging
  9569 | D:7      | You fall through a shaft for 2 floors!
  9569 | D:9      | Found Zytouban's Food Shoppe.
  9570 | D:9      | Bought a bread ration for 50 gold pieces
  9570 | D:9      | Bought a meat ration for 50 gold pieces
  9570 | D:9      | Bought a slice of pizza for 15 gold pieces
  9570 | D:9      | Bought a slice of pizza for 15 gold pieces
  9570 | D:9      | Bought a meat ration for 50 gold pieces
  9570 | D:9      | Bought a meat ration for 50 gold pieces
  9570 | D:9      | Bought a bread ration for 50 gold pieces
  9570 | D:9      | Bought 3 fruits for 45 gold pieces
  9570 | D:9      | Bought a bread ration for 50 gold pieces
  9570 | D:9      | Bought a beef jerky for 15 gold pieces
  9721 | D:7      | Reached XP level 10. HP: 44/77 MP: 10/10
 10454 | D:8      | HP: 2/79 [killer bee (8)]
 10455 | D:8      | Slain by a killer bee

Action                   |  1- 3 |  4- 6 |  7- 9 | 10-12 || total
-------------------------+-------+-------+-------+-------++-------
Melee: Unarmed           |    97 |       |   339 |    86 ||   522
       Dagger            |    45 |   253 |   192 |     5 ||   495
Throw: Tomahawk          |       |       |     8 |       ||     8
Evoke: Wand              |       |       |     4 |     5 ||     9
  Use: Scroll            |     5 |     6 |     6 |       ||    17
       Potion            |       |     2 |     1 |       ||     3
 Stab: Sleeping          |     1 |       |       |       ||     1
       Distracted        |       |     2 |       |       ||     2
       Paralysed         |       |     1 |       |       ||     1
  Eat: Chunk             |     2 |       |       |       ||     2
       Beef jerky        |     1 |       |       |       ||     1
       Bread ration      |       |     2 |     2 |       ||     4
       Pizza             |       |     1 |       |       ||     1
       Royal jelly       |       |       |     2 |       ||     2
       Fruit             |       |       |     6 |       ||     6
       Meat ration       |       |       |     1 |       ||     1
